 Dungeon Crawl Stone Soup version 0.27.1-3-gb3d3a73c9e (webtiles) character file.

Game seed: 18429300630411175040

124 pkoi the Insei (level 4, -1/38 HPs)
             Began as a Draconian Monk on Oct 27, 2021.
             Slain by an orc priest (6 damage)
             ... on level 2 of the Dungeon.
             The game lasted 00:04:03 (3491 turns).

pkoi the Insei (Draconian Monk)                     Turns: 3491, Time: 00:04:04

Health: -1/38      AC:  5    Str: 14    XL:     4   Next: 81%
Magic:  4/4        EV: 12    Int: 10    God:
Gold:   50         SH:  0    Dex: 14    Spells: 3/3 levels left

rFire    . . .     SeeInvis .     - Unarmed
rCold    . . .     Faith    .   (no shield)
rNeg     . . .     Spirit   .   (armour unavailable)
rPois    .         Reflect  .   (helmet restricted)
rElec    .         Harm     .   (no cloak)
rCorr    .         Rampage  .   (no gloves)
Will     .....                  (no boots)
Stlth    ++........             (no amulet)
HPRegen  0.12/turn              (no ring)
MPRegen  0.09/turn              (no ring)

@: no status effects
A: AC +5, unfitting armour, cold-blooded
a: no special abilities


You were on level 2 of the Dungeon.
You visited 1 branch of the dungeon, and saw 3 of its levels.

You collected 90 gold pieces.
You spent 40 gold pieces at shops.

Inventory:

Missiles
 d - 17 poisoned darts (quivered)
Scrolls
 c - a scroll of amnesia
 e - 2 scrolls of teleportation
Potions
 a - a potion of cancellation {unknown}
 b - a potion of brilliance
 f - a potion of curing
 h - a potion of flight {unknown}


   Skills:
 - Level 3.2 Fighting
 - Level 2.6 Dodging
 - Level 1.7 Stealth
 + Level 5.6 Unarmed Combat


You had 3 spell levels left.
You didn't know any spells.
Your spell library was empty.

Dungeon Overview and Level Annotations

Branches:
Dungeon (3/15)

Altars:

Shops:
D:1 ?

Annotations:
D:2 Sigmund


Innate Abilities, Weirdness & Mutations

Your plain brown scales are hard. (AC +5)
You cannot fit into any form of body armour.
You are cold-blooded and may be slowed by cold attacks.


Message History

You climb downwards.
The orc priest begins to cast a cantrip, but forgets the words!
There is a stone staircase leading up here.
There are monsters nearby!
Unknown command.
The orc shouts! x2
The orc priest calls down the wrath of Beogh upon you.
Beogh smites you!
The orc wizard shouts!
The orc priest closely misses you. The orc priest completely misses you.
The orc barely misses you.
You climb upwards.
Level annotation: Sigmund
There is a stone staircase leading down here.
Unknown command.
Unknown command.
You closely miss the orc priest.
The orc priest hits you but does no damage.
The orc priest hits you with a +0 hand axe.
You barely miss the orc priest.
You tail-slap the orc priest, but do no damage.
The orc priest closely misses you. The orc priest misses you.
You closely miss the orc priest. The orc priest barely misses you.
The orc priest invokes the aid of Beogh against you.
Pain shoots through your body!
* * * LOW HITPOINT WARNING * * *
You closely miss the orc priest. You tail-slap the orc priest.
The orc priest is moderately wounded.
The orc priest mumbles some strange prayers to Beogh against you.
Beogh smites you!
* * * LOW HITPOINT WARNING * * *
You hit the orc priest.
Your tail-slap misses the orc priest.
The orc priest is severely wounded.
The orc priest misses you.
Unknown command.
You completely miss the orc priest.
Your tail-slap misses the orc priest.
The orc priest is severely wounded.
The orc priest hits you but does no damage.
The orc priest hits you with a +0 hand axe.
You die...

......###.....#####.##..#.#
......# #.....# #.##..#.# ...####
#.....# #.†...#.# ...# #.....#
####.##.# ...# #.....# #.##.# #
#### #####.# #.##.#####.# #.#
#.......^...
#############.########.##.##.##.#
#...............@o..##.##........
#.####..###.#.##o#.#.#.#####.##>?
#.####..# #.#.##..###............
#.......# #...##.## ##.##########
#.#.##.## #.####..###..# #.#.##.#
#.# #.#.#.#.# #......# #..
...##.##.# #.##.#.#
#.##########.# #.##.#.# ... #.#


You could see 2 orc priests.

Vanquished Creatures
  Terence (D:2)
  Robin (D:2)
  An adder (D:2)
  A dart slug (D:1)
  3 orcs
  2 ball pythons (D:2)
  4 endoplasms
  10 goblins
  11 hobgoblins
  12 jackals
  2 kobolds
  2 quokkas
  5 bats
  4 frilled lizards
  3 rats (D:1)
62 creatures vanquished.

Notes
Turn   | Place    | Note
-------+----------+-------------------------------------------
     0 | D:1      | pkoi the Draconian Monk began the quest for the Orb.
     0 | D:1      | Reached XP level 1. HP: 19/19 MP: 1/1
   304 | D:1      | Reached XP level 2. HP: 20/26 MP: 2/2
   694 | D:1      | Found Tagaxyn's Magic Scroll Shoppe.
   766 | D:1      | Reached skill level 4 in Unarmed Combat
   917 | D:1      | Reached XP level 3. HP: 30/31 MP: 3/3
  1311 | D:2      | Noticed Terence
  1379 | D:2      | Noticed Robin
  1707 | D:2      | Killed Terence
  1882 | D:2      | Killed Robin
  1883 | D:2      | Reached skill level 5 in Unarmed Combat
  1883 | D:2      | Reached XP level 4. HP: 17/38 MP: 4/4
  2160 | D:2      | Noticed Sigmund
  3243 | D:1      | Bought a scroll of identify for 20 gold pieces
  3244 | D:1      | Bought a scroll of identify for 20 gold pieces
  3491 | D:2      | Slain by an orc priest

Illustrated notes

Levels and vault maps discovered:
D:1:      lemuel_arrival_tunnels, layout_basic, serial_rivers,
          chequers_serial_rivers_micro_d, chequers_serial_rivers_large_b,
          chequers_serial_rivers_large_a, chequers_serial_rivers_small_3,
          chequers_serial_rivers_marsh, serial_shops,
          nicolae_shop_competitors_out_of_business, minmay_tetromino_l2
D:2:      layout_loops_cross, uniq_sigmund, uniq_robin, uniq_terence
D:3:      layout_rooms, worldfamousw_hep_ancestral_shrine,
          mainiacjoe_overflow_alcove_2, mainiacjoe_overflow_paths,
          gammafunk_ghost_grave, serial_rivers, chequers_serial_rivers_small_3,
          chequers_serial_rivers_marsh, chequers_serial_rivers_marsh,
          chequers_serial_rivers_micro_a, chequers_serial_rivers_small_a,
          grunt_ministairs_10

Skill      XL: |  1  2  3 |
---------------+----------+-----
Unarmed Combat | 4 5 |  5.6
Fighting       | |  3.2
Dodging        | |  2.6
Stealth        | |  1.7

Action                   |  1- 3 |  4- 6 || total
-------------------------+-------+-------++-------
Melee: Unarmed           |   126 |    83 ||   209
       Tailslap          |    16 |    11 ||    27
       Punch             |     1 |     1 ||     2
Throw: Dart              |     6 |       ||     6
  Use: Scroll            |     3 |     3 ||     6
 Stab: Sleeping          |     3 |     1 ||     4
Armor: Skin              |    37 |    31 ||    68
Dodge: Dodged            |    54 |    58 ||   112
